 Dungeon Crawl Stone Soup version 0.21.1-1-g345015f (webtiles) character file.

42 inc the Chiller (level 3, -4/21 HPs)
             Began as an Octopode Ice Elementalist on June 13, 2018.
             Slain by Natasha (5 damage)
             ... on level 2 of the Dungeon.
             The game lasted 00:01:30 (1202 turns).

inc the Chiller (Octopode Ice Elementalist)         Turns: 1202, Time: 00:01:30

Health: -4/21      AC:  1    Str:  7    XL:     3   Next: 54%
Magic:  5/6        EV: 13    Int: 18    God:
Gold:   71         SH:  0    Dex: 12    Spells: 5/6 levels left

rFire    . . .     SeeInvis .   l - +0 whip
rCold    . . .     Gourm    .   (no shield)
rNeg     . . .     Faith    .   (helmet restricted)
rPois    .         Spirit   .   (no amulet)
rElec    .         Reflect  .   (no ring)
rCorr    .         Harm     .   (no ring)
MR       .....                  (no ring)
Stlth    +++.......             (no ring)
HPRegen  0.07/turn              (no ring)
MPRegen  0.10/turn              (no ring)
                                (no ring)
                                (no ring)

@: no status effects
A: almost no armour, stealthy swim, amphibious, 8 rings, constrict 8, camouflage
1, gelatinous body 1
a: no special abilities


You were on level 2 of the Dungeon.
You were not hungry.

You visited 1 branch of the dungeon, and saw 2 of its levels.

You collected 71 gold pieces.

Inventory:

Hand Weapons
 l - a +0 whip (weapon)
Scrolls
 c - 5 scrolls of identify {unknown}
 d - a scroll of enchant weapon {unknown}
 e - a scroll of blinking {unknown}
 f - a scroll of amnesia {unknown}
 g - a scroll of enchant armour {unknown}
 k - a scroll of magic mapping {unknown}
 m - a scroll of fear {unknown}
Potions
 h - a potion of cancellation {unknown}
 i - a potion of lignification {unknown}
 j - 2 potions of might {unknown}
Books
 a - a book of Frost

   Spells                             Type                      Level
   a - Freeze                         Ice                          1
   b - Throw Frost                    Conjuration/Ice              2
   c - Ozocubu's Armour               Charms/Ice                   3
   d - Throw Icicle                   Conjuration/Ice              4
   e - Summon Ice Beast               Ice/Summoning                4
Comestibles
 b - 2 rations


   Skills:
 - Level 2.0 Dodging
 - Level 2.6 Stealth
 - Level 2.0 Spellcasting
   Level 1.0 Conjurations
 + Level 4.4 Ice Magic


You had 5 spell levels left.
You knew the following spells:

 Your Spells              Type           Power        Failure   Level  Hunger
a - Freeze                Ice            ###.         2%          1    #......


Dungeon Overview and Level Annotations

Branches:
Dungeon (2/15)

Altars:

Annotations:
D:2 Natasha


Innate Abilities, Weirdness & Mutations

You cannot wear most types of armour.
You are very stealthy in the water. (Stealth+)
You are amphibious.
You can wear up to eight rings at the same time.
You can use your tentacles to constrict eight enemies at once.
Your skin changes colour to match your surroundings (Stealth+).
Your rubbery body absorbs attacks. (AC +1, EV +1)


Message History

Natasha claws you!
Casting: Freeze
Confirm with . or Enter, or press ? or * to list all spells.
Aiming: Freeze
Press: ? - help, Shift-Dir - straight line, f - Natasha
Aim: Natasha You freeze Natasha.
Natasha is heavily wounded.
Natasha claws you!
* * * LOW HITPOINT WARNING * * *
Casting: Freeze
Confirm with . or Enter, or press ? or * to list all spells.
Aiming: Freeze
Press: ? - help, Shift-Dir - straight line, f/p - Natasha
Aim: Natasha (heavily wounded)
Okay, then.
You hit Natasha. You grab Natasha.
Natasha is severely wounded.
You constrict Natasha. Natasha claws you.
You die...

....#......########
...#.##
......##.##.......##.##..
..?.#.....#†#.#.#.......#
... ####.............###
.. ##...#.#.#..# .
#.........## #...#.#.#..#
#.#........#
#.@....#....#
#.....h.#.######.#
#.#.#.###.# # ..... ... #
... ..... ..##. ...... .
# #.......


You could see Natasha.

Vanquished Creatures
  2 adders (D:2)
  A worm (D:2)
  A dart slug (D:1)
  A leopard gecko (D:2)
  2 giant cockroaches (D:1)
  2 goblins (D:2)
  2 hobgoblins
  3 bats (D:1)
  2 frilled lizards (D:1)
  3 kobolds (D:1)
  A rat (D:2)
20 creatures vanquished.

Notes
Turn   | Place    | Note
-------+----------+-------------------------------------------
     0 | D:1      | inc the Octopode Ice Elementalist began the quest for the Orb.
     0 | D:1      | Reached XP level 1. HP: 11/11 MP: 3/3
   348 | D:1      | Reached XP level 2. HP: 16/17 MP: 3/5
  1029 | D:2      | Reached skill level 4 in Ice Magic
  1029 | D:2      | Reached XP level 3. HP: 19/21 MP: 2/6
  1123 | D:2      | Noticed an ice beast
  1196 | D:2      | Noticed Natasha
  1201 | D:2      | HP: 1/21 [Natasha (10)]
  1202 | D:2      | Slain by Natasha

Skill      XL: |  1  2 |
---------------+-------+-----
Ice Magic      | 4 |  4.4
Dodging        | |  2.0
Stealth        | |  2.6
Spellcasting   | |  2.0
Conjurations   | |  1.0

Action                   || total
-------------------------++-------
Melee: Unarmed           ||    19
       Constrict         ||     8
       Tentacles         ||     4
       Whip              ||     4
 Cast: Freeze            ||    29
 Stab: Sleeping          ||     1
  Eat: Chunk             ||     1
Armor: Skin              ||     5
Dodge: Dodged            ||    22
